[ AOE2 MATCH · #513797721 ]
UnrankedCumans vs Civ #60
Player's team · WIN
Rival team · LOSS
[ REPLAY ANALYSIS · EXTRACTED FROM THE RECORDED GAME ]
Feudal
8:25
Castle
21:20
Imperial
36:55
| APM avg | 110.1 |
| APM peak | 182 |
| eAPM avg | 60.9 |
| Villagers / military | 233 / 1189 |
Focus
⚔️ 76.8% · 🌾 23.2%
Scout Cavalry ×659 · Militia ×195 · Kipchak ×184 · Skirmisher ×68 · Unknown (1260) ×43 · Knight ×29
Feudal
9:15
Castle
21:33
Imperial
36:29
| APM avg | 71.5 |
| APM peak | 137 |
| eAPM avg | 48.8 |
| Villagers / military | 459 / 930 |
Focus
⚔️ 67.6% · 🌾 32.4%
Spearman ×373 · Militia ×333 · Unknown (2703) ×328 · Skirmisher ×139 · Archer ×60 · Unknown (2705) ×12
Match map
Initial resources + every placement click. Lines = walls · curves = elevation contours. ◆ gold · ⬟ stone · ● berries · ✦ relic · ◌ wall gap
Your base· Open — unwalled flank
TAG_Sora Kuma's base· Open — 5t gap
Smoothed initial terrain · ◌ = detected wall gap · hover for details
Inputs per minute
— Oni.TheViper - - TAG_Sora Kuma
Build order — Oni.TheViper
First 150 of 1210 actions detected
| 0:00 | Queue | Villager (Male) |
| 0:01 | Queue | Villager (Male) |
| 0:04 | Build | House |
| 0:05 | Build | House |
| 0:09 | Queue | Villager (Male) |
| 0:15 | Queue | Villager (Male) |
| 1:24 | Queue | Villager (Male) |
| 1:43 | Build | Lumber Camp |
| 1:53 | Queue | Villager (Male) |
| 2:15 | Queue | Villager (Male) |
| 2:49 | Queue | Villager (Male) |
| 3:04 | Queue | Villager (Male) |
| 3:28 | Queue | Villager (Male) |
| 3:51 | Build | House |
| 3:55 | Queue | Villager (Male) |
| 3:55 | Queue | Villager (Male) |
| 4:16 | Queue | Villager (Male) |
| 4:45 | Queue | Villager (Male) |
| 5:03 | Build | Mining Camp |
| 5:09 | Queue | Villager (Male) |
| 5:33 | Research | Loom |
| 6:12 | Research | Feudal Age |
| 6:13 | Research | Feudal Age |
| 6:13 | Research | Feudal Age |
| 7:29 | Build | Barracks |
| 7:37 | Build | House |
| 7:48 | Queue | Villager (Male) |
| 8:14 | Queue | Villager (Male) |
| 8:25 | Age | Feudal Age |
| 8:26 | Build | Archery Range |
| 8:27 | Research | Double-Bit Axe |
| 8:28 | Queue | Villager (Male) |
| 8:34 | Queue | Villager (Male) |
| 8:50 | Queue | Villager (Male) |
| 8:58 | Build | House |
| 9:01 | Queue | Villager (Male) |
| 9:07 | Queue | Archer |
| 9:08 | Queue | Archer |
| 9:08 | Queue | Archer |
| 9:20 | Build | Palisade Wall |
| 9:23 | Build | Palisade Wall |
| 9:33 | Queue | Villager (Male) |
| 9:36 | Build | House |
| 9:38 | Build | Palisade Wall |
| 9:39 | Build | House |
| 9:42 | Build | Palisade Wall |
| 9:44 | Build | Palisade Wall |
| 9:50 | Build | Palisade Wall |
| 9:51 | Build | Palisade Wall |
| 9:53 | Build | Palisade Wall |
| 9:58 | Queue | Archer |
| 10:07 | Queue | Villager (Male) |
| 10:08 | Build | Stable |
| 10:32 | Queue | Villager (Male) |
| 10:40 | Build | Mill |
| 10:56 | Queue | Scout Cavalry |
| 10:56 | Queue | Scout Cavalry |
| 11:09 | Queue | Archer |
| 11:20 | Queue | Scout Cavalry |
| 11:21 | Build | Farm |
| 11:35 | Queue | Villager (Male) |
| 11:40 | Build | Farm |
| 11:57 | Queue | Villager (Male) |
| 11:58 | Build | Farm |
| 12:00 | Build | Farm |
| 12:12 | Queue | Archer |
| 12:15 | Build | Farm |
| 12:15 | Queue | Villager (Male) |
| 12:41 | Queue | Villager (Male) |
| 12:58 | Queue | Archer |
| 12:59 | Queue | Villager (Male) |
| 12:59 | Build | Blacksmith |
| 13:06 | Build | Farm |
| 13:07 | Queue | Villager (Male) |
| 13:12 | Build | House |
| 13:18 | Queue | Scout Cavalry |
| 13:21 | Queue | Archer |
| 13:22 | Queue | Villager (Male) |
| 13:31 | Build | Farm |
| 13:44 | Research | Fletching |
| 13:45 | Research | Fletching |
| 13:59 | Queue | Villager (Male) |
| 14:08 | Build | Farm |
| 14:09 | Build | Farm |
| 14:10 | Build | Farm |
| 14:13 | Queue | Villager (Male) |
| 14:20 | Queue | Villager (Male) |
| 14:36 | Queue | Villager (Male) |
| 14:55 | Build | House |
| 15:03 | Queue | Villager (Male) |
| 15:25 | Build | Town Center |
| 15:28 | Queue | Villager (Male) |
| 15:58 | Queue | Villager (Male) |
| 16:02 | Research | Horse Collar |
| 16:12 | Build | Farm |
| 16:12 | Build | Farm |
| 16:17 | Build | Farm |
| 16:31 | Queue | Villager (Male) |
| 16:48 | Build | Farm |
| 16:49 | Build | Farm |
| 16:55 | Queue | Villager (Male) |
| 16:55 | Queue | Villager (Male) |
| 17:13 | Build | Farm |
| 17:14 | Queue | Villager (Male) |
| 17:31 | Build | Farm |
| 17:31 | Queue | Villager (Male) |
| 17:31 | Queue | Villager (Male) |
| 17:36 | Queue | Archer |
| 17:48 | Queue | Archer |
| 17:52 | Queue | Villager (Male) |
| 17:54 | Build | House |
| 17:54 | Build | House |
| 18:13 | Build | Farm |
| 18:14 | Build | Farm |
| 18:40 | Research | Castle Age |
| 18:40 | Research | Castle Age |
| 18:40 | Research | Castle Age |
| 18:48 | Queue | Archer |
| 18:54 | Queue | Villager (Male) |
| 19:01 | Queue | Villager (Male) |
| 19:04 | Build | House |
| 19:12 | Build | House |
| 19:13 | Build | House |
| 19:15 | Build | Palisade Wall |
| 19:18 | Queue | Skirmisher |
| 19:23 | Queue | Villager (Male) |
| 19:42 | Research | Bloodlines |
| 19:42 | Research | Bloodlines |
| 20:02 | Build | Stable |
| 20:05 | Research | Scale Barding Armor |
| 20:05 | Research | Scale Barding Armor |
| 20:13 | Build | Market |
| 20:15 | Build | Market |
| 20:23 | Build | Farm |
| 20:24 | Build | Farm |
| 20:27 | Queue | Skirmisher |
| 20:38 | Queue | Villager (Male) |
| 20:43 | Build | Farm |
| 20:44 | Build | Mill |
| 20:45 | Build | Farm |
| 20:46 | Build | Farm |
| 20:51 | Queue | Skirmisher |
| 21:07 | Build | Farm |
| 21:08 | Build | Farm |
| 21:20 | Age | Castle Age |
| 21:21 | Build | Farm |
| 21:21 | Build | Farm |
| 21:23 | Research | Crossbowman (upgrade) |
| 21:23 | Research | Crossbowman (upgrade) |
| 21:28 | Queue | Villager (Male) |
Build order — TAG_Sora Kuma
First 150 of 1757 actions detected
| 0:00 | Queue | Villager (Male) |
| 0:02 | Build | House |
| 0:03 | Build | House |
| 0:05 | Queue | Villager (Male) |
| 0:10 | Queue | Villager (Male) |
| 0:18 | Queue | Villager (Male) |
| 1:28 | Queue | Villager (Male) |
| 1:56 | Queue | Villager (Male) |
| 2:01 | Build | Lumber Camp |
| 2:25 | Queue | Villager (Male) |
| 2:25 | Queue | Villager (Male) |
| 2:43 | Queue | Villager (Male) |
| 2:43 | Queue | Villager (Male) |
| 3:14 | Queue | Villager (Male) |
| 3:32 | Queue | Villager (Male) |
| 3:52 | Build | House |
| 3:53 | Queue | Villager (Male) |
| 4:08 | Queue | Villager (Male) |
| 4:23 | Queue | Villager (Male) |
| 4:44 | Queue | Villager (Male) |
| 5:11 | Build | Barracks |
| 5:34 | Queue | Villager (Male) |
| 5:34 | Research | Loom |
| 5:51 | Build | House |
| 6:28 | Build | Palisade Wall |
| 6:44 | Research | Feudal Age |
| 6:55 | Build | Palisade Wall |
| 6:58 | Build | Palisade Wall |
| 6:59 | Build | Palisade Wall |
| 7:12 | Queue | Militia |
| 7:12 | Queue | Militia |
| 7:18 | Build | Mining Camp |
| 7:47 | Queue | Militia |
| 7:53 | Build | House |
| 8:26 | Queue | Villager (Male) |
| 8:36 | Build | Mill |
| 8:42 | Build | House |
| 9:05 | Build | Palisade Wall |
| 9:15 | Age | Feudal Age |
| 9:18 | Research | Man-at-Arms (upgrade) |
| 9:19 | Research | Double-Bit Axe |
| 9:41 | Queue | Villager (Male) |
| 9:50 | Queue | Villager (Male) |
| 10:00 | Build | Archery Range |
| 10:16 | Queue | Villager (Male) |
| 10:47 | Build | Farm |
| 10:51 | Queue | Villager (Male) |
| 10:56 | Build | Farm |
| 10:57 | Queue | Skirmisher |
| 11:05 | Research | Horse Collar |
| 11:08 | Queue | Villager (Male) |
| 11:11 | Build | House |
| 11:24 | Queue | Skirmisher |
| 11:36 | Queue | Skirmisher |
| 11:38 | Build | Farm |
| 11:40 | Queue | Militia |
| 11:48 | Queue | Villager (Male) |
| 12:03 | Queue | Militia |
| 12:05 | Build | Farm |
| 12:07 | Queue | Skirmisher |
| 12:22 | Queue | Villager (Male) |
| 12:24 | Build | Farm |
| 12:30 | Queue | Skirmisher |
| 13:01 | Queue | Villager (Male) |
| 13:03 | Build | Blacksmith |
| 13:08 | Build | House |
| 13:08 | Build | House |
| 13:10 | Queue | Skirmisher |
| 13:21 | Queue | Spearman |
| 13:24 | Queue | Archer |
| 13:26 | Queue | Villager (Male) |
| 13:31 | Build | Farm |
| 13:48 | Queue | Villager (Male) |
| 13:53 | Queue | Archer |
| 14:05 | Research | Fletching |
| 14:06 | Build | Farm |
| 14:15 | Build | Farm |
| 14:17 | Queue | Villager (Male) |
| 14:18 | Build | Farm |
| 14:43 | Queue | Villager (Male) |
| 14:46 | Queue | Militia |
| 14:47 | Queue | Archer |
| 14:49 | Build | Farm |
| 14:51 | Build | Farm |
| 14:56 | Build | House |
| 15:01 | Queue | Villager (Male) |
| 15:08 | Queue | Archer |
| 15:20 | Queue | Villager (Male) |
| 15:22 | Build | Farm |
| 15:24 | Build | House |
| 15:28 | Build | House |
| 15:56 | Queue | Villager (Male) |
| 15:56 | Build | House |
| 16:06 | Build | Farm |
| 16:08 | Queue | Archer |
| 16:18 | Research | Town Watch |
| 16:24 | Research | Padded Archer Armor |
| 16:30 | Build | House |
| 16:34 | Build | Farm |
| 16:38 | Queue | Villager (Male) |
| 16:51 | Build | Farm |
| 16:52 | Build | Farm |
| 16:52 | Queue | Villager (Male) |
| 16:58 | Queue | Archer |
| 17:13 | Queue | Villager (Male) |
| 17:21 | Build | Palisade Wall |
| 17:37 | Build | House |
| 17:39 | Build | Palisade Wall |
| 17:48 | Build | Palisade Wall |
| 17:55 | Queue | Archer |
| 18:04 | Build | Lumber Camp |
| 18:16 | Queue | Villager (Male) |
| 18:53 | Research | Castle Age |
| 19:04 | Build | House |
| 19:05 | Build | House |
| 19:05 | Build | House |
| 19:09 | Build | House |
| 19:10 | Build | House |
| 19:11 | Build | House |
| 19:25 | Research | Gold Mining |
| 20:00 | Queue | Spearman |
| 20:06 | Build | Palisade Gate |
| 20:07 | Build | House |
| 20:08 | Build | House |
| 20:43 | Research | Arson |
| 21:31 | Build | Watch Tower |
| 21:33 | Age | Castle Age |
| 21:35 | Queue | Villager (Male) |
| 21:36 | Research | Bodkin Arrow |
| 21:37 | Research | Crossbowman (upgrade) |
| 21:40 | Build | Palisade Wall |
| 21:47 | Build | House |
| 21:52 | Queue | Villager (Male) |
| 21:54 | Build | Town Center |
| 21:57 | Queue | Archer |
| 22:09 | Queue | Skirmisher |
| 22:18 | Research | Elite Skirmisher (upgrade) |
| 22:19 | Queue | Villager (Male) |
| 22:22 | Build | Palisade Wall |
| 22:27 | Queue | Villager (Male) |
| 22:30 | Build | Mining Camp |
| 22:34 | Queue | Villager (Male) |
| 22:47 | Queue | Villager (Male) |
| 22:48 | Research | Bow Saw |
| 23:22 | Queue | Villager (Male) |
| 23:29 | Queue | Archer |
| 23:38 | Build | Monastery |
| 23:55 | Queue | Villager (Male) |
| 23:57 | Queue | Villager (Male) |
| 23:57 | Queue | Villager (Male) |
Match timeline
| 5:11 | TAG_Sora Kuma · first_building Barracks |
| 6:28 | TAG_Sora Kuma · wall_segment Palisade Wall x6 |
| 6:55 | TAG_Sora Kuma · wall_segment Palisade Wall x2 |
| 6:58 | TAG_Sora Kuma · wall_segment Palisade Wall x3 |
| 6:59 | TAG_Sora Kuma · wall_segment Palisade Wall x2 |
| 7:29 | Oni.TheViper · first_building Barracks |
| 8:25 | Oni.TheViper · age_up feudal |
| 8:26 | Oni.TheViper · first_building Archery Range |
| 9:05 | TAG_Sora Kuma · wall_segment Palisade Wall x8 |
| 9:15 | TAG_Sora Kuma · age_up feudal |
| 9:20 | Oni.TheViper · wall_segment Palisade Wall x1 |
| 9:23 | Oni.TheViper · wall_segment Palisade Wall x1 |
| 9:38 | Oni.TheViper · wall_segment Palisade Wall x1 |
| 9:42 | Oni.TheViper · wall_segment Palisade Wall x1 |
| 9:44 | Oni.TheViper · wall_segment Palisade Wall x1 |
| 9:50 | Oni.TheViper · wall_segment Palisade Wall x1 |
| 9:51 | Oni.TheViper · wall_segment Palisade Wall x1 |
| 9:53 | Oni.TheViper · wall_segment Palisade Wall x1 |
| 10:00 | TAG_Sora Kuma · first_building Archery Range |
| 10:08 | Oni.TheViper · first_building Stable |
| 17:21 | TAG_Sora Kuma · wall_segment Palisade Wall x4 |
| 17:39 | TAG_Sora Kuma · wall_segment Palisade Wall x10 |
| 17:48 | TAG_Sora Kuma · wall_segment Palisade Wall x6 |
| 19:15 | Oni.TheViper · wall_segment Palisade Wall x8 |
| 21:20 | Oni.TheViper · age_up castle |
| 21:33 | TAG_Sora Kuma · age_up castle |
| 21:40 | TAG_Sora Kuma · wall_segment Palisade Wall x1 |
| 22:22 | TAG_Sora Kuma · wall_segment Palisade Wall x1 |
| 23:38 | TAG_Sora Kuma · first_building Monastery |
| 25:10 | Oni.TheViper · first_market_buy 100 food |
| 25:28 | Oni.TheViper · first_building Monastery |
| 27:04 | Oni.TheViper · first_market_sell 100 wood |
| 27:07 | TAG_Sora Kuma · wall_segment Palisade Wall x2 |
| 29:46 | TAG_Sora Kuma · wall_segment Palisade Wall x1 |
| 33:07 | TAG_Sora Kuma · wall_segment Palisade Wall x4 |
| 34:39 | Oni.TheViper · first_building Castle |
| 35:09 | TAG_Sora Kuma · first_building Castle |
| 36:29 | TAG_Sora Kuma · age_up imperial |
| 36:55 | Oni.TheViper · age_up imperial |
| 43:53 | TAG_Sora Kuma · first_market_sell 500 food |
| 44:16 | TAG_Sora Kuma · first_market_buy 100 wood |
| 50:31 | Oni.TheViper · wall_segment Palisade Wall x1 |
| 50:36 | Oni.TheViper · wall_segment Palisade Wall x1 |
| 60:11 | TAG_Sora Kuma · wall_segment Palisade Wall x1 |
| 60:35 | TAG_Sora Kuma · first_building Siege Workshop |
| 62:43 | TAG_Sora Kuma · wall_segment Palisade Wall x7 |
| 66:57 | Oni.TheViper · first_building Siege Workshop |
| 89:15 | TAG_Sora Kuma · resign |
[ AI ANALYSIS · 1 CREDIT ]
What really happened in this match?
Wolo.gg analyzes every decision: build order, eco, micro, common mistakes by bracket. Personalized analysis on WhatsApp or Discord in 30 seconds.
Civ guide
Cumans
Perfil
TheViper